 Dungeon Crawl Stone Soup version 0.31-a0-675-g238779eb0a (webtiles) character file.

Game seed: 4861781473630154413

262 qw the Shooter (level 6, -1/37 HPs)
             Began as a Gargoyle Hunter on Sept 5, 2023.
             Slain by a gnoll
             ... wielding a +0 flail
              (6 damage)
             ... on level 3 of the Dungeon.
             The game lasted 00:01:05 (1574 turns).

qw the Shooter (Gargoyle Hunter)                    Turns: 1574, Time: 00:01:06

Health: -1/37      AC: 13    Str: 14    XL:     6   Next: 18%
Magic:  6/6        EV: 11    Int: 10    God:
Gold:   155        SH:  0    Dex: 15    Spells: 5/5 levels left

rFire   . . .        Y - +1 shortbow
rCold   . . .        (shield currently unavailable)
rNeg    + . .        a - +0 ring mail
rPois   inf          c - +0 helmet
rElec   +            d - +0 cloak
rCorr   .            g - +0 pair of gloves
SInv    .            (no boots)
Will    .....        (no amulet)
Stlth   +            (no ring)
HPRegen 0.26/turn    (no ring)
MPRegen 0.10/turn

%: no passive effects
@: no status effects
A: sickness immunity, AC +4, negative energy resistance 1, electricity
resistance, torment resistance 1, petrification resistance
a: no special abilities


You were on level 3 of the Dungeon.
You visited 1 branch of the dungeon, and saw 3 of its levels.

You collected 155 gold pieces.


Innate Abilities, Weirdness & Mutations

You are immune to sickness and miasma.
Your stone body is resilient. (AC +4)
You are immune to poison.
You resist negative energy. (rN+)
You are resistant to electric shocks. (rElec)
You are resistant to unholy torment.
You are immune to petrification.


   Skills:
 + Level 3.3 Fighting
 - Level 6.5 Ranged Weapons
 - Level 2.0 Armour
 - Level 1.5 Dodging
 - Level 1.1 Stealth


You had 5 spell levels left.
You didn't know any spells.
Your spell library was empty.

Inventory:

Hand Weapons
 Y - a +1 shortbow (weapon)
Armour
 a - a +0 ring mail (worn)
 c - a +0 helmet (worn)
 d - a +0 cloak (worn)
 g - a +0 pair of gloves (worn)
 j - a +2 ring mail of cold resistance
Jewellery
 f - an amulet of guardian spirit
Scrolls
 b - a scroll of teleportation
 i - a scroll of identify
Potions
 e - a potion of attraction {unknown}
 h - a potion of enlightenment {unknown}

Dungeon Overview and Level Annotations

Branches:
Dungeon (3/15)

Altars:

Shops:
D:1 [

Annotations:
D:3 exclusion: 2 jackals


Message History

Deactivating autopickup; reactivate with Ctrl-A.
The gnoll misses you.
The gnoll hits you from afar with a +0 spear.
You shoot an arrow. The arrow barely misses the gnoll.
You hear some strange, mumbled words.
A magic dart appears from out of thin air!
The magic dart hits you. The gnoll misses you.
The gnoll hits you from afar with a +0 spear.
You hear some strange, mumbled words.
A magic dart appears from out of thin air!
The magic dart hits you!
You shoot an arrow.
The arrow hits the gnoll but does no damage.
The gnoll is moderately wounded.
The gnoll hits you but does no damage. x2
Something hits you but does no damage. The gnoll barely misses you.
The gnoll closely misses you.
A gnoll comes into view. It is wielding a +0 flail.
1568 |||
Found retreat position at -1,0 (floor) with 0 blocking monsters and 3 monsters attacking at destination at distance 1
1568 ||| Stepping ~*~*~tactically~*~*~ (retreating).
You shoot an arrow.
You hear some strange, mumbled words.
You are confused.
The gnoll hits you but does no damage. x2
Something hits you. The gnoll barely misses you.
The gnoll hits you from afar with a +0 spear.
Something hits you but does no damage. The gnoll barely misses you.
The gnoll hits you from afar with a +0 spear.
You hear some strange, mumbled words.
A puff of flame appears from out of thin air!
The puff of flame hits you. The gnoll hits you but does no damage.
The gnoll hits you from afar with a +0 spear.
Something hits you but does no damage. The gnoll hits you but does no damage.
The gnoll barely misses you. Something hits you but does no damage.
The gnoll hits you but does no damage. x2
You feel less confused. Something barely misses you.
The gnoll hits you from afar with a +0 spear.
The gnoll hits you with a +0 flail.
You die...

~~~~....)~~~~~~~~
~~~~....~~)~)(~~~
........)........ g ##
####''''######### #o#..
#)...# ..g. #....# #...
#....#
#.##''#########....#######'
#.......gg{@g.#....#.......
#[......)g#8.)'....'.......
#.##''##..#8..'....'.......
#g.. #......#8..8#.......
)... ####################
#'#.. . ## ##########
.......... ~~~~%~~~~~


You could see 4 gnolls.

Vanquished Creatures
  A kobold brigand (D:3)
  An orc wizard (D:2)
  5 gnolls (D:3)
  3 adders (D:2)
  A worm (D:2)
  12 orcs (D:3)
  2 ball pythons (D:1)
  6 endoplasms
  6 giant cockroaches
  5 hobgoblins
  9 jackals (D:3)
  2 kobolds (D:2)
  2 quokkas
  2 bats (D:2)
  11 frilled lizards
  3 goblins
  5 rats
76 creatures vanquished.

Notes
Turn   | Place    | Note
-------+----------+-------------------------------------------
     0 | D:1      | qw the Gargoyle Hunter began the quest for the Orb.
     0 | D:1      | Reached XP level 1. HP: 12/12 MP: 1/1
     0 | D:1      | 0 ||| qw: Version: 0.3-a-75-g829b12e
     0 | D:1      | 0 ||| qw: Game counter: 48
     0 | D:1      | 0 ||| qw: Melee chars always use a shield: true
     0 | D:1      | 0 ||| qw: God list: Okawaru
     0 | D:1      | 0 ||| qw: Allow faded altars: false
     0 | D:1      | 0 ||| qw: Do Orc after clearing Dungeon:15 true
     0 | D:1      | 0 ||| qw: Do second Lair branch before Depths: true
     0 | D:1      | 0 ||| qw: Lair rune preference: random
     0 | D:1      | 0 ||| qw: Goals: Normal
     0 | D:1      | 0 ||| PLANNING D:1-11
   180 | D:1      | Found Taofu's Armour Boutique.
   191 | D:1      | 191 ||| SHOPLISTING +0 cloak of willpower (138 gold, have
                  | 14).
   191 | D:1      | 191 ||| SHOPLISTING +0 ring mail (48 gold, have 14).
   191 | D:1      | 191 ||| SHOPLISTING +1 ring mail of cold resistance (192
                  | gold, have 14).
   191 | D:1      | 191 ||| SHOPLISTING +5 pair of boots "Xathrun" {Str+2} (488
                  | gold, have 14).
   199 | D:1      | Reached XP level 2. HP: 17/17 MP: 2/2
   625 | D:1      | 625 ||| UPGRADING to +0 cloak.
   630 | D:1      | 630 ||| UPGRADING to +0 pair of gloves.
   635 | D:1      | 635 ||| READING scroll labelled TEOTON FACK.
   636 | D:1      | 636 ||| DROPPING scroll of butterflies.
   666 | D:2      | Reached skill level 5 in Ranged Weapons
   666 | D:2      | Reached XP level 3. HP: 14/21 MP: 3/3
   889 | D:2      | Reached skill level 3 in Fighting
   889 | D:2      | Reached XP level 4. HP: 28/28 MP: 4/4
  1031 | D:2      | Reached skill level 1 in Armour
  1186 | D:2      | 1186 ||| UPGRADING to +0 ring mail.
  1196 | D:2      | 1196 ||| DROPPING +0 leather armour.
  1197 | D:2      | 1197 ||| READING 2 scrolls labelled SALA HOJIWU.
  1201 | D:2      | 1201 ||| READING scroll labelled HIOLIU JOVVU.
  1202 | D:2      | 1202 ||| READING scroll labelled FEHEWA RICVAX.
  1203 | D:2      | 1203 ||| READING scroll labelled REDDOXOIMM.
  1284 | D:3      | 1284 ||| UPGRADING to +0 helmet.
  1359 | D:3      | Reached XP level 5. HP: 32/32 MP: 5/5
  1390 | D:3      | 1390 ||| FLEEEEING.
  1398 | D:3      | 1398 ||| FLEEEEING.
  1399 | D:3      | 1399 ||| FLEEEEING.
  1400 | D:3      | 1400 ||| FLEEEEING.
  1401 | D:3      | 1401 ||| FLEEEEING.
  1402 | D:3      | 1402 ||| FLEEEEING.
  1403 | D:3      | 1403 ||| FLEEEEING.
  1404 | D:3      | 1404 ||| FLEEEEING.
  1405 | D:3      | 1405 ||| FLEEEEING.
  1406 | D:3      | 1406 ||| FLEEEEING.
  1407 | D:3      | 1407 ||| STAIRDANCE
  1447 | D:3      | Noticed a kobold brigand
  1466 | D:3      | Killed a kobold brigand
  1467 | D:3      | Reached skill level 6 in Ranged Weapons
  1480 | D:3      | Reached XP level 6. HP: 37/37 MP: 6/6
  1551 | D:3      | 1551 ||| Stepping ~*~*~tactically~*~*~ (outnumbered).
  1553 | D:3      | 1553 ||| Stepping ~*~*~tactically~*~*~ (outnumbered).
  1557 | D:3      | 1557 ||| Stepping ~*~*~tactically~*~*~ (retreating).
  1558 | D:3      | 1558 ||| Stepping ~*~*~tactically~*~*~ (retreating).
  1559 | D:3      | 1559 ||| Stepping ~*~*~tactically~*~*~ (retreating).
  1568 | D:3      | 1568 ||| Stepping ~*~*~tactically~*~*~ (retreating).
  1571 | D:3      | HP: 8/37 [gnoll/+0 spear (3)]
  1574 | D:3      | Slain by a gnoll

Levels and vault maps discovered:
D:1:      dpeg_arrival_short_road, layout_basic, serial_shops, shop,
          minmay_lizard_king
D:2:      layout_rooms
D:3:      lemuel_castle_with_subvaults [lemuel_castle_interior_carwin_2],
          layout_loops_ring, lemuel_round_altar, jmf_multi_god_temple

Skill      XL: |  1  2  3  4  5  6 |
---------------+-------------------+-----
Ranged Weapons | 5 6 |  6.5
Fighting       | 3 |  3.3
Armour         | 1 2 |  2.0
Dodging        | |  1.5
Stealth        | |  1.1

Action                     |  1- 3 |  4- 6 || total
---------------------------+-------+-------++-------
   Fire: Shortbow          |    88 |   181 ||   269
    Use: Scroll            |     1 |     4 ||     5
 Armour: Leather armour    |    13 |    12 ||    25
         Ring mail         |       |    75 ||    75
  Dodge: Dodged            |    15 |    44 ||    59

Table legend:
 A = Non-vault XP
 B = Vault XP
 C = Vault XP percentage of total XP
 D = Non-vault monster count
 E = Vault monster count
 F = Vault count percentage of total count
                 A         B        C        D         E       F
            +---------+---------+-------+---------+---------+-------
      Total |     107 |     268 |  71.5 |      41 |      35 |  46.1
            +---------+---------+-------+---------+---------+-------
        D:1 |      22 |       7 |  24.1 |      13 |       7 |  35.0
        D:2 |      80 |      35 |  30.4 |      25 |       1 |   3.8
        D:3 |       5 |     226 |  97.8 |       3 |      27 |  90.0
            +---------+---------+-------+---------+---------+-------
